 Dungeon Crawl Stone Soup version 0.29-a0-512-gf59ac78 (webtiles) character file.

Game seed: 5327922015382829662

1478 Toastz the Grave Robber (level 8, -3/62 HPs)
             Began as a Demonspawn Necromancer on May 29, 2022.
             Was a Follower of Makhleb.
             Killed by an exploding orc priest (13 damage)
             ... ignited by their inner flame
             ... on level 6 of the Dungeon.
             The game lasted 00:17:21 (6528 turns).

Toastz the Grave Robber (Demonspawn Necromancer)    Turns: 6528, Time: 00:17:21

Health: -3/62      AC:  7    Str:  8    XL:     8   Next: 50%
Magic:  23/23      EV: 16    Int: 20    God:    Makhleb [*.....]
Gold:   413        SH:  0    Dex: 13    Spells: 7/15 levels left

rFire   + + .      SeeInvis .   a - +7 great mace "Firestarter" {inner flame, rF++}
rCold   . . .      Faith    .   (shield currently unavailable)
rNeg    . . .      Spirit   .   c - +3 leather armour
rPois   .          Reflect  .   n - +0 helmet
rElec   .          Harm     .   (no cloak)
rCorr   .          Rampage  .   (no gloves)
Will    .....                   (no boots)
Stlth   ++........              l - amulet of regeneration
HPRegen 1.00/turn               m - ring of magical power
MPRegen 0.18/turn               r - +4 ring of evasion

@: no status effects
A: sturdy frame 2, weakness stinger 1
a: Renounce Religion


You were on level 6 of the Dungeon.
You worshipped Makhleb.
Makhleb was aware of your devotion.
You visited 1 branch of the dungeon, and saw 6 of its levels.
You also visited: Sewer.

You collected 413 gold pieces.

Inventory:

Hand Weapons
 a - the +7 great mace "Firestarter" (weapon) {inner flame, rF++}
   (You found it on level 4 of the Dungeon)

   It burns those it strikes, dealing additional fire damage.
   It fills those it strikes with an explosive inner flame.
   It grants immunity to clouds of flame.
   rF:        It greatly protects you from fire.
 b - a +1 dagger of venom
Missiles
 p - 78 stones (quivered)
Armour
 c - a +3 leather armour (worn)
 k - a scarf of harm
 n - a +0 helmet (worn)
 o - a +0 buckler
 w - a +2 leather armour of willpower
Jewellery
 l - an amulet of regeneration (around neck)
 m - a ring of magical power (left hand)
 r - a +4 ring of evasion (right hand)
 z - a +6 ring of intelligence
Wands
 B - a wand of paralysis (4)
Scrolls
 g - a scroll of poison
 h - a scroll of amnesia
 i - 5 scrolls of teleportation
 t - a scroll of brand weapon
 v - 3 scrolls of blinking
 y - a scroll of identify
Potions
 d - 2 potions of curing
 e - 3 potions of cancellation
 f - a potion of attraction
 j - 2 potions of magic
 q - a potion of heal wounds
 s - 5 potions of flight
 u - 2 potions of ambrosia
 x - a potion of berserk rage
 A - a potion of invisibility {unknown}
 C - a potion of lignification {unknown}


   Skills:
 - Level 5.0 Fighting
 * Level 5.3 Maces & Flails
 + Level 1.8 Dodging
 - Level 1.7 Stealth
 - Level 0.5 Shields
 - Level 4.0 Spellcasting
 - Level 7.7 Necromancy


You had 7 spell levels left.
You knew the following spells:

 Your Spells              Type           Power      Damage    Failure   Level
a - Necrotize             Necr           100%       1d9       1%          1
b - Vampiric Draining     Necr           34%        2d8       1%          3
c - Animate Dead          Necr           34%        N/A       5%          4

Your spell library contained the following spells:

 Spells                   Type           Power      Damage    Failure   Level
 Sublimation of Blood     Necr           34%        N/A       1%          2
 Shock                    Conj/Air       16%        1d4       13%         1
 Summon Small Mammal      Summ           16%        N/A       13%         1
 Agony                    Necr           34%        N/A       16%         5
 Wereblood                Tmut           4%         N/A       19%         2
 Call Canine Familiar     Summ           4%         N/A       36%         3
 Gell's Gravitas          Tloc           4%         N/A       36%         3
 Lesser Beckoning         Tloc           4%         N/A       36%         3
 Summon Guardian Golem    Hex/Summ       4%         N/A       36%         3
 Swiftness                Air            4%         N/A       36%         3
 Teleport Other           Tloc           4%         N/A       36%         3
 Airstrike                Air            2%         N/A       77%         4
 Cause Fear               Hex            2%         N/A       77%         4
 Dragon Form              Tmut           2%         N/A       100%        7
 Summon Hydra             Summ           2%         N/A       100%        7
 Dragon's Call            Summ           2%         N/A       100%        9


Dungeon Overview and Level Annotations

Branches:
Dungeon (6/15)              Sewer (visited)
 Temple: D:4-7

Altars:
Elyvilon
Makhleb
Ru
Sif Muna
Uskayaw
Yredelemnul


Innate Abilities, Weirdness & Mutations

Your movements are less encumbered by armour. (ER -4)
You have a small tail.


Message History

Makhleb accepts your kill.
You can now gain health from killing.
The orc completely misses you. The orc attacks as you move away!
The orc closely misses you.
You thump the orc! You burn the orc.
You kill the orc!
Makhleb accepts your kill. The orc misses you.
The orc priest invokes the aid of Beogh against you.
Beogh smites you!
You closely miss the orc.
You tail-slap the orc, but do no damage.
The orc hits you with a +2 flail of protection!
The orc closely misses you.
The orc priest begins to cast a cantrip, but forgets the words!
You barely miss the orc.
Your tail-slap misses the orc.
The orc barely misses you.
You bludgeon the orc!! You burn the orc.
You kill the orc!
Makhleb accepts your kill.
The orc priest miscasts a cantrip.
The orc priest invokes the aid of Beogh against you.
Beogh smites you! The orc priest closely misses you.
Items here: )) [ †.
You barely miss the orc priest.
Your tail-slap misses the orc priest.
The orc priest calls down the wrath of Beogh upon you.
Pain shoots through your body!
* * * LOW HITPOINT WARNING * * *
You hit the orc priest. You burn the orc priest.
The orc priest is filled with an inner flame.
The orc priest is lightly wounded.
The orc priest hits you but does no damage.
The orc priest calls down the wrath of Beogh upon you.
Beogh smites you!
* * * LOW HITPOINT WARNING * * *
You sock the orc priest! You burn the orc priest. Makhleb accepts your kill.
The orc priest explodes!
The fiery explosion engulfs you! You resist.
You die...

#.
#.......#.#
..##..#.#.#.#
..........#.#
#.###.#.###..
# #.#..####
#..#.#
...#.#.# ###
#.#.## #.#@§#
#..#)§..#
##.#§§#.#
#.(......
##..##.#.#
.... .# #
#... # ##((


There were no monsters in sight!

Vanquished Creatures
  Grinder (D:5)
  Duvessa (D:4)
  An orc warrior (D:5)
  A phantom (D:5)
  A bullfrog (D:6)
  Dowan (D:4)
  3 jellies
  5 hounds
  2 orc priests
  Jessica (D:3)
  Terence (D:3)
  2 iguanas
  3 orc wizards (D:5)
  6 gnolls
  13 adders
  3 river rats (Sewer)
  2 white imps
  2 ufetubi
  An iguana zombie (D:6)
  3 worms
  A dart slug (D:2)
  8 orcs
  11 bats
  10 endoplasms
  9 giant cockroaches
  8 goblins
  10 hobgoblins
  7 jackals
  4 quokkas
  17 ball pythons
  A ball python zombie (D:4)
  An endoplasm zombie (D:4)
  3 frilled lizards
  A hobgoblin zombie (D:4)
  4 kobolds
  7 rats
  A rat zombie (D:4)
156 creatures vanquished.

Vanquished Creatures (collateral kills)
  A phantom (D:6)
  3 endoplasms (Sewer)
  A kobold (D:4)
5 creatures vanquished.

Vanquished Creatures (others)
  A plant (D:4)
1 creature vanquished.

Grand Total: 162 creatures vanquished

Notes
Turn   | Place    | Note
-------+----------+-------------------------------------------
     0 | D:1      | Toastz the Demonspawn Necromancer began the quest for the
                  | Orb.
     0 | D:1      | Reached XP level 1. HP: 13/13 MP: 3/3
   336 | D:1      | Gained mutation: Your movements are slightly less
                  | encumbered by armour. (ER -2) [demonic ancestry]
   336 | D:1      | Reached XP level 2. HP: 20/20 MP: 3/5
  1064 | D:2      | Reached XP level 3. HP: 25/25 MP: 4/6
  1092 | D:2      | Reached skill level 1 in Fighting
  1475 | D:2      | Reached skill level 5 in Necromancy
  1483 | D:2      | Learned a level 3 spell: Vampiric Draining
  1911 | D:2      | Reached XP level 4. HP: 32/32 MP: 5/8
  2112 | D:3      | Noticed Terence
  2122 | D:3      | Killed Terence
  2331 | D:3      | Gained mutation: You have a small tail. [demonic ancestry]
  2331 | D:3      | Reached XP level 5. HP: 35/38 MP: 10/10
  2485 | D:3      | Noticed Jessica
  2488 | D:3      | Killed Jessica
  2648 | D:3      | Learned a level 4 spell: Animate Dead
  2711 | D:3      | Reached skill level 6 in Necromancy
  3221 | D:3      | Gained mutation: Your movements are less encumbered by
                  | armour. (ER -4) [demonic ancestry]
  3221 | D:3      | Reached XP level 6. HP: 26/45 MP: 7/12
  3450 | D:3      | Found a hide-covered altar of Uskayaw.
  3450 | D:3      | Found a sacrificial altar of Ru.
  3654 | D:4      | Found a shimmering blue altar of Sif Muna.
  3775 | D:4      | Found a glowing drain.
  3798 | Sewer    | Entered a sewer
  4668 | D:4      | Found the +7 great mace "Firestarter" {inner flame, rF++}
  4824 | D:4      | Noticed Duvessa
  4825 | D:4      | Noticed Dowan
  4832 | D:4      | Killed Duvessa
  4832 | D:4      | Killed Dowan
  4833 | D:4      | Reached skill level 7 in Necromancy
  4833 | D:4      | Reached XP level 7. HP: 44/52 MP: 13/13
  4898 | D:4      | Found a burning altar of Makhleb.
  5048 | D:4      | Became a worshipper of Makhleb the Destroyer
  5130 | D:4      | Reached skill level 1 in Maces & Flails
  5268 | D:4      | Found a basalt altar of Yredelemnul.
  5629 | D:5      | Entered Level 5 of the Dungeon
  6068 | D:5      | Reached XP level 8. HP: 44/60 MP: 14/14
  6103 | D:5      | Noticed Grinder
  6116 | D:5      | Killed Grinder
  6451 | D:6      | Reached skill level 5 in Fighting
  6451 | D:6      | Reached skill level 5 in Maces & Flails
  6519 | D:6      | Reached * piety under Makhleb
  6528 | D:6      | Killed by an exploding orc priest... ignited by their inner
                  | flame

Illustrated notes

Levels and vault maps discovered:
D:1:      wander_arrival_fairy_ring, layout_basic
D:2:      layout_basic
D:3:      layout_loops_corners, gammafunk_temple_overflow_wave, chequers_jeans,
          minmay_ruptured, uniq_terence, uniq_jessica
D:4:      wad_lake_hut, layout_cave_pools, kennysheep_ying_yang,
          mainiacjoe_overflow_24_doors, mainiacjoe_overflow_six_doors_small,
          serial_rivers, chequers_serial_rivers_micro_c,
          chequers_serial_rivers_small_3, chequers_serial_rivers_micro_e,
          chequers_serial_rivers_small_3, cheibrodos_sewer_entry_drain,
          kennysheep_generic_room_4, uniq_duvessa
D:5:      nicolae_cairo_tiling_large, layout_loops_ring, uniq_grinder
D:6:      layout_basic, chequers_avenue, kennysheep_diamond

Skill      XL: |  1  2  3  4  5  6  7  8 |
---------------+-------------------------+-----
Fighting       | 1 2 3 4 5 |  5.0
Necromancy     | 5 6 7 |  7.7
Spellcasting   | 3 4 |  4.0
Maces & Flails | 3 5 |  5.3
Dodging        | |  1.8
Stealth        | |  1.7
Shields        | |  0.5

Action                   |  1- 3 |  4- 6 |  7- 9 || total
-------------------------+-------+-------+-------++-------
Melee: Unarmed           |     6 |       |       ||     6
       Dagger            |    28 |    80 |       ||   108
       Punch             |     1 |       |       ||     1
       Tailslap          |       |    10 |     7 ||    17
       Great mace        |       |     5 |    70 ||    75
Throw: Stone             |       |       |    11 ||    11
 Cast: Necrotize         |    59 |   100 |       ||   159
       Vampiric Draining |       |     5 |       ||     5
       Animate Dead      |       |     4 |     1 ||     5
  Use: Scroll            |       |    12 |     1 ||    13
       Potion            |       |     1 |       ||     1
 Stab: Distracted        |     1 |       |       ||     1
       Sleeping          |       |     2 |     3 ||     5
Armor: Leather armour    |    24 |    41 |    21 ||    86
Dodge: Dodged            |    41 |    89 |    68 ||   198
Block: Buckler           |     2 |    11 |       ||    13

Table legend: (Time is in decaauts)
 A = Elapsed time spent in this place.
 B = Non-inter-level travel time spent in this place.
 C = Inter-level travel time spent in this place.
 D = Time resting spent in this place.
 E = Time spent auto-exploring this place.
 F = Levels seen in this place.
 G = Mean time per level.
                   A        B        C        D        E       F      G
               +--------+--------+--------+--------+--------+-----+--------+
         Total |   6800 |   6467 |    333 |    656 |   4578 |   7 |  971.4 |
       Dungeon |   5812 |   5479 |    333 |    507 |   4037 |   6 |  968.7 |
         Sewer |    988 |    988 |      0 |    149 |    541 |   1 |  988.0 |
               +--------+--------+--------+--------+--------+-----+--------+

Top non-repeatable levels by time:
     D:3: 1552 daAuts
     D:4: 1262 daAuts
     D:2: 1234 daAuts
   Sewer: 988 daAuts
     D:1: 837 daAuts
     D:5: 753 daAuts
     D:6: 172 daAuts
